 Dungeon Crawl Stone Soup version 0.28.0-53-g5a82cb258f (webtiles) character file.

Game seed: 15764957704311106552

238 Gabide the Shooter (level 5, -5/32 HPs)
             Began as a Deep Elf Hunter on June 16, 2022.
             Slain by a scorpion (7 damage)
             ... on level 3 of the Dungeon.
             The game lasted 00:10:12 (3738 turns).

Gabide the Shooter (Deep Elf Hunter)                Turns: 3738, Time: 00:10:12

Health: -5/32      AC:  7    Str:  9    XL:     5   Next: 78%
Magic:  7/7        EV: 13    Int: 16    God:
Gold:   109        SH:  0    Dex: 17    Spells: 4/4 levels left

rFire   . . .      SeeInvis .   a - +1 shortbow
rCold   . . .      Faith    .   (shield currently unavailable)
rNeg    . . .      Spirit   .   c - +2 leather armour
rPois   .          Reflect  .   h - +2 hat
rElec   .          Harm     .   (no cloak)
rCorr   .          Rampage  .   (no gloves)
Will    .....                   (no boots)
Stlth   ++........              (no amulet)
HPRegen 0.10/turn               (no ring)
MPRegen 0.10/turn               (no ring)

@: lethally poisoned (-5 -> -13)
A: no striking features
a: no special abilities


You were on level 3 of the Dungeon.
You visited 1 branch of the dungeon, and saw 4 of its levels.

You collected 109 gold pieces.

Inventory:

Hand Weapons
 a - a +1 shortbow (weapon)
 b - a +3 dagger
 p - a +1 short sword of flaming
Armour
 c - a +2 leather armour (worn)
 h - a +2 hat (worn)
Wands
 l - a wand of flame (12)
Scrolls
 f - a scroll of fog
 g - 2 scrolls of magic mapping
 i - a scroll of blinking {unknown}
 j - a scroll of teleportation {unknown}
 o - a scroll of torment {unknown}
Potions
 e - a potion of brilliance
 k - 2 potions of attraction


   Skills:
 + Level 2.8 Fighting
 * Level 7.6 Bows
 + Level 4.1 Dodging
 - Level 1.2 Stealth


You had 4 spell levels left.
You didn't know any spells.
Your spell library contained the following spells:

 Spells                   Type           Power      Damage    Failure   Level
 Static Discharge         Conj/Air       0%         N/A       47%         2
 Stone Arrow              Conj/Erth      0%         3d7       71%         3
 Animate Armour           Summ/Erth      0%         N/A       98%         4
 Lightning Bolt           Conj/Air       0%         1d11      100%        5
 Lehudib's Crystal Spear  Conj/Erth      0%         10d2      100%        8
 Maxwell's Capacitive Co  Air            0%         ∞         100%        8


Dungeon Overview and Level Annotations

Branches:
Dungeon (4/15)
 Temple: D:4-7

Altars:


Message History

Aiming: Throw Flame
Press: ? - help, Shift-Dir - straight line, f/p - iguana
Aim: an iguana (almost dead, 72% to hit)
The puff of flame hits the iguana.
You kill the iguana!
The scorpion stings you but does no damage.
Unknown command.
Okay, then.
Okay, then.
Press: ? - help, v - describe, . - travel
Here: a scorpion The floor.
Unknown command.
Unknown command.
Aiming: Throw Flame
Press: ? - help, Shift-Dir - straight line, f - scorpion
Aim: a scorpion (68% to hit)
The puff of flame hits the scorpion.
The scorpion is lightly wounded.
The scorpion stings you.
* * * LOW HITPOINT WARNING * * *
You are lethally poisoned!
The scorpion poisons you!
Aiming: Throw Flame
Press: ? - help, Shift-Dir - straight line, f/p - scorpion
Aim: a scorpion (lightly wounded, 68% to hit)
The puff of flame hits the scorpion.
The scorpion is moderately wounded.
* * * LOW HITPOINT WARNING * * *
You feel very sick. The scorpion misses you.
Aiming: Throw Flame
Press: ? - help, Shift-Dir - straight line, f/p - scorpion
Aim: a scorpion (moderately wounded, 68% to hit)
The puff of flame hits the scorpion.
The scorpion is moderately wounded.
* * * LOW HITPOINT WARNING * * *
You feel very sick. The scorpion stings you!
You die...

######...#.#.#####.#.# ##.#.#####
# ##.#.##.))....#.# ##.## #
#...########.#.# #.# # ###.#
#####.#.### #.# # #.# #.........#
#.# # #.# #.###.#.#.###.# #
#.####..)..........###### ##
#.......(..#............# .#
#.####..@..#...########.# .#
#..(....s..#...#### #.# .######
######..##........# #.# ......#
#..####...##.## #.#
.####.########.........#...####.#
.....................#...........
.#######.#####...###.###...###.##
## #.####.....##.# ##.####.##
########..†..........# #........


You could see a scorpion.

Vanquished Creatures
  2 hounds (D:3)
  An iguana (D:3)
  4 gnolls
  6 adders
  2 orcs
  5 bats
  3 endoplasms
  4 giant cockroaches
  8 hobgoblins
  7 kobolds
  4 quokkas
  4 ball pythons
  8 frilled lizards
  2 goblins
  5 rats
65 creatures vanquished.

Notes
Turn   | Place    | Note
-------+----------+-------------------------------------------
     0 | D:1      | Gabide the Deep Elf Hunter began the quest for the Orb.
     0 | D:1      | Reached XP level 1. HP: 12/12 MP: 3/3
   237 | D:1      | Noticed a shining eye
   239 | D:1      | Found a faded altar of an unknown god.
   241 | D:1      | Noticed a great orb of eyes
   241 | D:1      | Noticed a golden eye
   241 | D:1      | Noticed a great orb of eyes
   359 | D:1      | Reached XP level 2. HP: 17/17 MP: 4/4
  1275 | D:2      | Reached skill level 6 in Bows
  1359 | D:2      | Reached XP level 3. HP: 21/21 MP: 5/5
  1811 | D:2      | Reached XP level 4. HP: 26/26 MP: 6/6
  2444 | D:3      | Reached skill level 7 in Bows
  2825 | D:3      | Reached XP level 5. HP: 28/31 MP: 7/7
  3738 | D:3      | Slain by a scorpion

Illustrated notes

Levels and vault maps discovered:
D:1:      elethiomel_arrival_infinity_welcomes_careful_drivers,
          layout_loops_cross, hellmonk_ecumenical_altar_watching_god
D:2:      layout_basic
D:3:      layout_loops_ring, kennysheep_flooded_box, minmay_fractal_squares_5
D:4:      layout_rooms

Skill      XL: |  1  2  3  4  5 |
---------------+----------------+-----
Bows           | 6 7 |  7.6
Fighting       | 2 |  2.8
Dodging        | 3 4 |  4.1
Stealth        | |  1.2

Action                   |  1- 3 |  4- 6 || total
-------------------------+-------+-------++-------
Melee: Short sword       |    62 |   112 ||   174
       Punch             |       |     1 ||     1
 Fire: Shortbow          |    39 |    24 ||    63
Evoke: Wand              |       |     4 ||     4
  Use: Scroll            |     4 |     3 ||     7
       Potion            |       |     2 ||     2
Armor: Ring mail         |     5 |       ||     5
       Leather armour    |    22 |    45 ||    67
Dodge: Dodged            |    53 |    68 ||   121
